 Dungeon Crawl Stone Soup version 0.27.1-33-g824d729ab1 (webtiles) character file.

Game seed: 4609138684388386413

37 Grabarz the Charlatan (level 3, -1/29 HPs)
             Began as a Draconian Artificer on Dec 8, 2021.
             Slain by an adder (2 damage)
             ... on level 1 of the Dungeon.
             The game lasted 00:08:50 (1210 turns).

Grabarz the Charlatan (Draconian Artificer)         Turns: 1210, Time: 00:08:51

Health: -1/29      AC:  5    Str: 15    XL:     3   Next: 23%
Magic:  3/3        EV: 12    Int: 11    God:
Gold:   19         SH:  0    Dex: 11    Spells: 2/2 levels left

rFire    . . .     SeeInvis .   e - +0 mace
rCold    . . .     Faith    .   (no shield)
rNeg     . . .     Spirit   .   (armour unavailable)
rPois    .         Reflect  .   (helmet restricted)
rElec    .         Harm     .   (no cloak)
rCorr    .         Rampage  .   (no gloves)
Will     .....                  (no boots)
Stlth    +.........             (no amulet)
HPRegen  0.09/turn              (no ring)
MPRegen  0.08/turn              (no ring)

@: lethally poisoned (-1 -> -4)
A: AC +5, unfitting armour, cold-blooded
a: no special abilities


You were on level 1 of the Dungeon.
You visited 1 branch of the dungeon, and saw 2 of its levels.

You collected 19 gold pieces.

Inventory:

Hand Weapons
 e - a +0 mace (weapon)
Wands
 b - a wand of flame (15) (quivered)
 c - a wand of charming (14)
Scrolls
 g - a scroll of magic mapping {unknown}
Potions
 a - a potion of attraction {unknown}
 f - a potion of brilliance {unknown}
 h - a potion of flight {unknown}
Miscellaneous
 d - a piece from Xom's chessboard (15/15)


   Skills:
 + Level 1.8 Fighting
 + Level 2.5 Dodging
 - Level 0.8 Stealth
 * Level 3.8 Evocations


You had 2 spell levels left.
You didn't know any spells.
Your spell library contained the following spells:

 Spells                   Type           Power      Damage    Failure   Level
 Summon Small Mammal      Summ           0%         N/A       34%         1
 Call Canine Familiar     Summ           0%         N/A       71%         3
 Summon Guardian Golem    Hex/Summ       0%         N/A       71%         3


Dungeon Overview and Level Annotations

Branches:
Dungeon (2/15)

Altars:


Innate Abilities, Weirdness & Mutations

Your plain brown scales are hard. (AC +5)
You cannot fit into any form of body armour.
You are cold-blooded and may be slowed by cold attacks.


Message History

Press: ? - help, Dir - move target, f - kobold
Aim: a kobold, wielding a +0 vampiric short sword and quivering stones Attack!
The kobold hits your adder with a +0 vampiric short sword.
Your adder bites something.
You feel a bit more experienced.
Things that are here:
a +0 vampiric short sword; 4 stones
i - a +0 vampiric short sword You drop a +0 vampiric short sword.
There is a stone staircase leading up here.
The adder misses you. The adder bites you.
* * * LOW HITPOINT WARNING * * *
You climb upwards.
There is a stone staircase leading down here.
You miss the adder.
Your tail-slap misses the adder.
The adder is moderately wounded.
The adder bites you.
* * * LOW HITPOINT WARNING * * *
The adder bites you but does no damage.
You miss the adder.
Your tail-slap misses the adder.
The adder is moderately wounded.
The adder bites you.
* * * LOW HITPOINT WARNING * * *
You miss the adder.
The adder is moderately wounded.
The adder bites you but does no damage. x2
You barely miss the adder.
The adder is moderately wounded.
The adder misses you. The adder barely misses you.
You hit the adder but do no damage.
Your tail-slap misses the adder.
The adder is moderately wounded.
The adder bites you.
* * * LOW HITPOINT WARNING * * *
You are lethally poisoned!
The adder poisons you! The adder barely misses you.
You closely miss the adder.
The adder is moderately wounded.
* * * LOW HITPOINT WARNING * * *
You feel sick. The adder bites you.
You die...

####(###### #.##....#
......§...# ##.##..#.#
≈≈.....≈≈≈# ###.###..#.#
#≈≈§§≈≈≈#####..## #..#.#
####+#####...######.##.#
..........#####......#.#
###############.###....#
...............S##...###
.........####..#@....#
...#......###....#.###
..........)...##.#.#
.####[....######.#.#
.####.....# #.#.#
...##.....# #.#.#
...##.....# #.#.#
...##..)..# #.#.#
##........# #.#.#


You could see an adder.

Vanquished Creatures
  A dart slug (D:1)
  An endoplasm (D:1)
  2 giant cockroaches (D:1)
  5 hobgoblins (D:1)
  2 jackals (D:1)
  A quokka (D:1)
  A ball python (D:1)
  5 bats
  A frilled lizard (D:1)
  5 goblins (D:1)
  2 kobolds (D:1)
  5 rats (D:1)
31 creatures vanquished.

Vanquished Creatures (collateral kills)
  A bat (D:2)
  A kobold (D:2)
2 creatures vanquished.

Vanquished Creatures (others)
  A withered plant (D:2)
1 creature vanquished.

Grand Total: 34 creatures vanquished

Notes
Turn   | Place    | Note
-------+----------+-------------------------------------------
     0 | D:1      | Grabarz the Draconian Artificer began the quest for the
                  | Orb.
     0 | D:1      | Reached XP level 1. HP: 16/16 MP: 1/1
   520 | D:1      | Reached XP level 2. HP: 23/23 MP: 2/2
   876 | D:1      | Reached XP level 3. HP: 25/29 MP: 3/3
  1210 | D:1      | HP: 1/29 [poisoned by an adder]
  1210 | D:1      | Slain by an adder

Illustrated notes

Levels and vault maps discovered:
D:1:      dpeg_arrival_morbid_curiosity, layout_basic, minmay_split_cup_small
D:2:      layout_rooms, serial_shops, shop,
          shapermc_ecumenical_altar_notcrosses, serial_undead, serial_undead_e,
          serial_undead_b, serial_undead_c, serial_undead_c, serial_undead_a,
          serial_undead_e, serial_undead_d, uniq_sigmund

Action                   || total
-------------------------++-------
Melee: Club              ||    23
       Mace              ||    95
       Tailslap          ||     9
Evoke: Wand              ||     1
Armor: Skin              ||    43
Dodge: Dodged            ||   102
